 Dungeon Crawl Stone Soup version 0.26-a0-646-g5d7718319a (webtiles) character file.

Game seed: 9215036008212907319

574 DogServant the Caller (level 7, 31/42 HPs)
             Began as a Kobold Summoner on Sept 24, 2020.
             Quit the game on level 6 of the Dungeon.
             The game lasted 00:16:07 (8705 turns).

DogServant the Caller (Kobold Summoner)             Turns: 8705, Time: 00:16:08

Health: 31/42      AC:  5    Str:  6    XL:     7   Next: 61%
Magic:  10/10      EV: 31    Int: 16    God:
Gold:   208        SH:  0    Dex: 17    Spells: 1/10 levels left

rFire    . . .     SeeInvis .   c - +0 short sword (curse)
rCold    . . .     Faith    .   (shield restricted)
rNeg     . . .     Spirit   .   z - +0 leather armour (curse)
rPois    .         Reflect  .   (no helmet)
rElec    .         Harm     .   (no cloak)
rCorr    .         Rampage  .   x - +0 pair of gloves
MR       .....                  v - +0 pair of boots
Stlth    +++.......             h - amulet of the acrobat
HPRegen  0.14/turn              (no ring)
MPRegen  0.12/turn              (no ring)

@: acrobat
A: small, nightstalker 3
a: no special abilities


You were on level 6 of the Dungeon.
You visited 1 branch of the dungeon, and saw 6 of its levels.

You collected 208 gold pieces.

Inventory:

Hand Weapons
 c - a cursed +0 short sword (weapon)
 n - a +2 dagger of venom
 p - a +0 hand crossbow
 s - a +0 hunting sling
Missiles
 g - 54 bolts
 j - 25 arrows
 t - 198 stones
 u - 27 sling bullets
 y - 8 poisoned darts (quivered)
Armour
 a - a +0 robe
 k - a +0 buckler
 r - a +0 leather armour
 v - a +0 pair of boots (worn)
 x - a +0 pair of gloves (worn)
 z - a cursed +0 leather armour (worn)
Jewellery
 h - an amulet of the acrobat (around neck)
 w - a +6 ring of intelligence {unknown}
Wands
 A - a wand of polymorph (3)
Scrolls
 b - 3 scrolls of identify
Potions
 d - 2 potions of ambrosia
 e - a potion of curing
 f - 2 potions of invisibility {unknown}
 i - 2 potions of mutation {unknown}
 l - a potion of might {unknown}
 m - 2 potions of stabbing {unknown}
 o - a potion of resistance {unknown}
 q - a potion of cancellation {unknown}


   Skills:
 + Level 3.9 Fighting
 + Level 3.9 Short Blades
 + Level 5.0 Dodging
 - Level 2.6 Stealth
 - Level 2.1 Spellcasting
 + Level 2.0 Hexes
 + Level 5.4 Summonings


You had one spell level left.
You knew the following spells:

 Your Spells              Type           Power        Failure   Level
a - Summon Small Mammal   Summ           ###.         3%          1
b - Call Canine Familiar  Summ           ###.....     10%         3
c - Call Imp              Summ           ###.....     4%          2
d - Summon Guardian Gole  Hex/Summ       ##......     21%         3

Your spell library contained the following spells:

 Spells                   Type           Power        Failure   Level
 Summon Ice Beast         Ice/Summ       ##......     71%         4
 Summon Lightning Spire   Summ/Air       ##......     71%         4


Dungeon Overview and Level Annotations

Branches:
Dungeon (6/15)
 Temple: D:4-7

Altars:
Hepliaklqana
Kikubaaqudgha
Nemelex Xobeh
Sif Muna

Shops:
D:4 (

Annotations:
D:4 Robin


Innate Abilities, Weirdness & Mutations

You are small and have problems with some larger weapons.
You are completely attuned to the shadows.


Message History

The white imp is severely wounded.
The white imp hits you but does no damage.
You hit the white imp.
The white imp is almost dead.
The white imp closely misses you.
You closely miss the white imp.
The white imp is almost dead.
The white imp hits you. The white imp freezes you.
You closely miss the white imp.
The white imp is almost dead.
The white imp hits you. The white imp freezes you.
You barely miss the white imp.
The white imp is almost dead.
The white imp barely misses you.
You closely miss the white imp.
The white imp is almost dead.
You hit the white imp.
You kill the white imp!
Found a stone staircase leading down.
Are you sure you want to abandon this character and quit the game? (Confirm with "yes".)

#######
####..##.##
#.<.......#
#.....(...##
#.......@..#
#............#
..............
.......>..
.........


There were no monsters in sight!

Vanquished Creatures
  Sigmund (D:5)
  2 hounds
  A bullfrog zombie (D:5)
  An orc wizard (D:5)
  An iguana (D:5)
  A gnoll (D:5)
  2 white imps
  5 orcs
  3 giant cockroaches (D:2)
  3 goblins (D:2)
  7 hobgoblins
  5 jackals
  3 quokkas
  3 bats
  3 frilled lizards
  5 kobolds
  5 rats (D:1)
51 creatures vanquished.

Vanquished Creatures (collateral kills)
  2 ice beasts (D:5)
  An ogre (D:5)
  A scorpion (D:5)
  An orc wizard (D:5)
  A gnoll shaman (D:5)
  3 worker ants
  3 gnolls (D:5)
  4 adders
  An ooze (D:1)
  2 worms
  5 orcs (D:5)
  6 goblins
  5 hobgoblins
  2 jackals
  A quokka (D:2)
  A frilled lizard (D:1)
  2 kobolds (D:1)
  2 rats
43 creatures vanquished.

Grand Total: 94 creatures vanquished

Notes
Turn   | Place    | Note
-------+----------+-------------------------------------------
     0 | D:1      | DogServant the Kobold Summoner began the quest for the Orb.
     0 | D:1      | Reached XP level 1. HP: 10/10 MP: 3/3
  1073 | D:1      | Reached XP level 2. HP: 13/16 MP: 0/5
  1088 | D:1      | Reached skill level 1 in Fighting
  1870 | D:1      | Reached XP level 3. HP: 20/20 MP: 4/6
  2880 | D:2      | Learned a level 3 spell: Call Canine Familiar
  3569 | D:2      | Reached XP level 4. HP: 26/26 MP: 7/7
  3570 | D:2      | Found an ancient bone altar of Kikubaaqudgha.
  4351 | D:3      | Found a shimmering blue altar of Sif Muna.
  4367 | D:3      | Reached skill level 1 in Short Blades
  5027 | D:4      | Reached XP level 5. HP: 17/30 MP: 2/8
  5309 | D:4      | Found Siruun's Antique Weapon Shoppe.
  5524 | D:4      | Noticed Robin
  5533 | D:5      | Entered Level 5 of the Dungeon
  6075 | D:5      | Reached XP level 6. HP: 18/36 MP: 5/9
  6324 | D:5      | Found a hazy altar of Hepliaklqana.
  6325 | D:5      | Found a sparkling altar of Nemelex Xobeh.
  6335 | D:5      | Noticed an ogre
  6342 | D:5      | Learned a level 2 spell: Call Imp
  6346 | D:5      | Learned a level 3 spell: Summon Guardian Golem
  6382 | D:5      | Killed an ogre
  6382 | D:5      | Reached skill level 5 in Summonings
  6864 | D:5      | Noticed Sigmund
  6892 | D:5      | Killed Sigmund
  6892 | D:5      | Reached skill level 1 in Hexes
  7073 | D:5      | Noticed an ice beast
  7106 | D:5      | Killed an ice beast
  7106 | D:5      | Reached XP level 7. HP: 41/41 MP: 6/10
  8380 | D:5      | Reached skill level 5 in Dodging
  8705 | D:6      | Quit the game

Illustrated notes

Levels and vault maps discovered:
D:1:      nzn_arrival_settlement, layout_loops_corners
D:2:      cheibrodos_greedy_goblins, layout_rooms, lemuel_coloured_pillars_altar
D:3:      minmay_angry_zag, layout_rooms, overflow_temple_1_default
D:4:      layout_cave_pods, vehumet_statue, serial_shops, shop,
          nemelex_xobeh_ov_fountains_minmay, uniq_eustachio, uniq_robin
D:5:      layout_loops_corners, chequers_temple_overflow_statue_of_worship,
          uniq_sigmund
D:6:      layout_cave_pods, minmay_temple_entry_tees

Skill      XL: |  1  2  3  4  5  6  7 |
---------------+----------------------+-----
Fighting       | 1 2 3 |  3.9
Dodging        | 3 4 5 |  5.0
Short Blades   | 1 2 3 |  3.9
Summonings     | 5 |  5.4
Hexes          | 1 2 |  2.0
Stealth        | |  2.6
Spellcasting   | |  2.1

Action                   |  1- 3 |  4- 6 |  7- 9 || total
-------------------------+-------+-------+-------++-------
Melee: Unarmed           |     8 |       |       ||     8
       Short sword       |    90 |   113 |    62 ||   265
Throw: Dart              |       |     4 |       ||     4
 Cast: Summon Small Mamm |    29 |     6 |       ||    35
       Call Canine Famil |     4 |    15 |     8 ||    27
       Call Imp          |       |     6 |     8 ||    14
       Summon Guardian G |       |     1 |       ||     1
  Use: Scroll            |     3 |     4 |     1 ||     8
       Potion            |       |     1 |     1 ||     2
 Stab: Sleeping          |    12 |     9 |     4 ||    25
       Distracted        |       |     1 |     1 ||     2
Armor: Robe              |    11 |     8 |       ||    19
       Skin              |       |    17 |       ||    17
       Leather armour    |       |     4 |     6 ||    10
Dodge: Dodged            |    92 |   100 |    38 ||   230

Table legend: (Time is in decaauts)
 A = Elapsed time spent in this place.
 B = Non-inter-level travel time spent in this place.
 C = Inter-level travel time spent in this place.
 D = Time resting spent in this place.
 E = Time spent auto-exploring this place.
 F = Levels seen in this place.
 G = Mean time per level.
                   A        B        C        D        E       F      G
               +--------+--------+--------+--------+--------+-----+--------+
         Total |   8707 |   8601 |    106 |   4196 |   3238 |   6 | 1451.2 |
       Dungeon |   8707 |   8601 |    106 |   4196 |   3238 |   6 | 1451.2 |
               +--------+--------+--------+--------+--------+-----+--------+

Top non-repeatable levels by time:
     D:5: 3144 daAuts
     D:1: 2383 daAuts
     D:2: 1882 daAuts
     D:3: 747 daAuts
     D:4: 529 daAuts
     D:6: 19 daAuts
